 Dungeon Crawl Stone Soup version 0.31-a0-202-g547052bce9 (webtiles) character file.

Game seed: 14165893750790610941

131 qw the Skirmisher (level 4, -3/23 (25) HPs)
             Began as a Deep Elf Hunter on June 26, 2023.
             Slain by a wight
             ... wielding a +0 halberd
              (8 damage)
             ... on level 6 of the Dungeon.
             The game lasted 00:00:39 (1426 turns).

qw the Skirmisher (Deep Elf Hunter)                 Turns: 1426, Time: 00:00:40

HP:   -3/23 (25)    AC:  5    Str:  9 (10) XL:     4   Next: 91%
MP:   6/6           EV: 11    Int: 13 (14) God:
Gold: 61            SH:  0    Dex: 18      Spells: 3/3 levels left

rFire   + . .        Y - +0 shortbow (flame)
rCold   . . .        (shield currently unavailable)
rNeg    . . .        h - +0 ring mail
rPois   .            (no helmet)
rElec   .            (no cloak)
rCorr   +            (no gloves)
SInv    .            (no boots)
Will    .....        (no amulet)
Stlth   +            f - ring of protection from fire
HPRegen 0.23/turn    c - ring of resist corrosion
MPRegen 0.10/turn

%: no passive effects
@: drained
A: no striking features
a: no special abilities


You were on level 6 of the Dungeon.
You visited 1 branch of the dungeon, and saw 4 of its levels.

You collected 111 gold pieces.
You spent 50 gold pieces at shops.


   Skills:
 - Level 1.5 Fighting
 + Level 8.3 Ranged Weapons
 - Level 2.4 Dodging
 - Level 1.2 Stealth


You had 3 spell levels left.
You didn't know any spells.
Your spell library was empty.

Inventory:

Hand Weapons
 Y - a +0 shortbow of flaming (weapon)
Armour
 h - a +0 ring mail (worn)
 i - a +0 cloak
Jewellery
 c - a ring of resist corrosion (right hand)
 f - a ring of protection from fire (left hand)
Scrolls
 b - a scroll of teleportation {unknown}
Potions
 a - 2 potions of invisibility {unknown}
 d - a potion of mutation {unknown}
 e - 2 potions of curing
 g - a potion of haste {unknown}
 j - a potion of attraction {unknown}
 l - 2 potions of enlightenment
 m - a potion of berserk rage {unknown}
 n - a potion of brilliance {unknown}

Dungeon Overview and Level Annotations

Branches:
Dungeon (6/15)
 Temple: D:4-7

Altars:

Shops:
D:2 *

Annotations:
D:6 exclusion: wight


Message History

You shoot an arrow.
The arrow hits the wight but does no damage.
The wight is severely damaged.
You shoot an arrow. The arrow hits the wight.
The arrow burns the wight.
You destroy the wight!
You feel your strength returning.
You feel your dexterity returning.
Your Ranged Weapons skill increases to level 8!
You shoot an arrow. The arrow closely misses the wight.
You shoot an arrow. The arrow hits the wight.
The arrow burns the wight.
The wight is lightly damaged.
The wight hits you from afar with a +0 halberd. x2
You feel drained.
You shoot an arrow. The arrow hits the wight.
The arrow burns the wight.
The wight is moderately damaged.
The wight hits you from afar with a +0 halberd.
You shoot an arrow. The arrow closely misses the wight.
The wight completely misses you.
You shoot an arrow.
The arrow hits the wight but does no damage.
The wight is moderately damaged.
The wight closely misses you.
You shoot an arrow. The arrow closely misses the wight.
The wight hits you but does no damage.
You shoot an arrow. The arrow barely misses the wight.
The wight barely misses you.
You shoot an arrow.
The arrow hits the wight but does no damage.
The wight is moderately damaged.
The wight closely misses you. x2
You shoot an arrow. The arrow closely misses the wight.
The wight hits you from afar with a +0 halberd.
You feel drained.
You shoot an arrow. The arrow closely misses the wight.
The wight closely misses you.
You shoot an arrow. The arrow closely misses the wight.
The wight hits you from afar with a +0 halberd!
1426 ||| UPGRADING to +0 cloak.
The wight hits you from afar with a +0 halberd!
Keep equipping yourself?
You die...

...... ......#####
..........#
..........# .#
....).$...# ...#
.....z....+ ...###
..........# ...\.
.......@.##+##...#
.........#.......#
.................#
###...##..........#
......##..........#
..................#
..................#
.........).###....#
.........####.......


You could see a wight.

Vanquished Creatures
  A wight (D:6)
  3 adders (D:2)
  A worm (D:2)
  2 dart slugs (D:1)
  4 ball pythons
  10 endoplasms
  2 giant cockroaches
  A goblin (D:1)
  8 hobgoblins
  3 kobolds (D:1)
  2 bats (D:1)
  5 frilled lizards
  3 rats
45 creatures vanquished.

Notes
Turn   | Place    | Note
-------+----------+-------------------------------------------
     0 | D:1      | qw the Deep Elf Hunter began the quest for the Orb.
     0 | D:1      | Reached XP level 1. HP: 12/12 MP: 3/3
     0 | D:1      | 0 ||| qw: Version: 0.3-a-22-g0ed2b0b
     0 | D:1      | 0 ||| qw: Game counter: 6000
     0 | D:1      | 0 ||| qw: Melee chars always use a shield: true
     0 | D:1      | 0 ||| qw: God list: Okawaru
     0 | D:1      | 0 ||| qw: Allow faded altars: false
     0 | D:1      | 0 ||| qw: Do Orc after clearing Dungeon:15 true
     0 | D:1      | 0 ||| qw: Do second Lair branch before Depths: true
     0 | D:1      | 0 ||| qw: Lair rune preference: random
     0 | D:1      | 0 ||| qw: Goals: Normal
     0 | D:1      | 0 ||| PLANNING D:1-11
    76 | D:1      | Reached XP level 2. HP: 14/16 MP: 4/4
    91 | D:1      | Reached skill level 6 in Ranged Weapons
   517 | D:1      | Reached XP level 3. HP: 20/20 MP: 5/5
   625 | D:1      | 625 ||| UPGRADING to +0 ring mail.
   635 | D:1      | 635 ||| DROPPING +0 leather armour.
   636 | D:1      | 636 ||| UPGRADING to ring of protection from fire.
   637 | D:1      | 637 ||| READING scroll labelled HEMAOD KEBB.
   638 | D:1      | 638 ||| READING scroll labelled QESYLY GIAMOYW.
   639 | D:1      | 639 ||| READING scroll labelled SODGHA LAAVOROILUB.
   640 | D:1      | 640 ||| READING scroll labelled FIZEPT ICRIU.
   641 | D:1      | 641 ||| DROPPING scroll of butterflies.
   800 | D:2      | Reached skill level 7 in Ranged Weapons
   836 | D:2      | Reached XP level 4. HP: 25/25 MP: 6/6
  1073 | D:2      | Found Yffujav's General Store.
  1083 | D:2      | 1083 ||| SHOPLISTING +1 cloak of willpower (165 gold, have
                  | 97).
  1083 | D:2      | 1083 ||| BUYING potion of enlightenment (50 gold).
  1083 | D:2      | Bought a potion of enlightenment for 50 gold pieces
  1311 | D:2      | 1311 ||| DROPPING amulet of magic regeneration.
  1312 | D:2      | 1312 ||| UPGRADING to ring of resist corrosion.
  1313 | D:2      | 1313 ||| READING scroll labelled IMNOUTRYTZ.
  1314 | D:2      | 1314 ||| DRINKING 2 bubbling coppery potions.
  1315 | D:2      | 1315 ||| DRINKING 2 emerald potions.
  1316 | D:2      | 1316 ||| DROPPING potion of degeneration.
  1358 | D:3      | 1358 ||| PLANNING SEWER
  1390 | D:3      | You fall into a shaft and drop 3 floors!
  1415 | D:6      | Reached skill level 8 in Ranged Weapons
  1425 | D:6      | HP: 4/23 [wight/+0 halberd (11)]
  1426 | D:6      | 1426 ||| UPGRADING to +0 cloak.
  1426 | D:6      | Slain by a wight

Levels and vault maps discovered:
D:1:      reono_arrival_mine, layout_loops_cross, minmay_tetromino_t2
D:2:      layout_basic, serial_shops, shop
D:3:      layout_rooms, cheibrodos_sewer_entry_bend, grunt_ministairs_1,
          nicolae_wormholes, uniq_terence, uniq_ijyb, uniq_sigmund, uniq_natasha
D:6:      layout_basic, chequers_ossuary_entry_cave, uniq_grinder

Skill      XL: |  1  2  3  4 |
---------------+-------------+-----
Ranged Weapons | 6 7 8 |  8.3
Fighting       | |  1.5
Dodging        | |  2.4
Stealth        | |  1.2

Action                     |  1- 3 |  4- 6 || total
---------------------------+-------+-------++-------
   Fire: Shortbow          |   105 |    49 ||   154
    Use: Scroll            |     4 |     1 ||     5
         Potion            |       |     2 ||     2
 Armour: Leather armour    |    12 |       ||    12
         Ring mail         |    10 |     3 ||    13
  Dodge: Dodged            |    45 |    16 ||    61

Table legend:
 A = Non-vault XP
 B = Vault XP
 C = Vault XP percentage of total XP
 D = Non-vault monster count
 E = Vault monster count
 F = Vault count percentage of total count
                 A         B        C        D         E       F
            +---------+---------+-------+---------+---------+-------
      Total |     182 |       6 |   3.2 |      42 |       3 |   6.7
            +---------+---------+-------+---------+---------+-------
        D:1 |      46 |       2 |   4.2 |      24 |       1 |   4.0
        D:2 |      63 |       0 |   0.0 |      15 |       0 |   0.0
        D:3 |       3 |       4 |  57.1 |       2 |       2 |  50.0
        D:6 |      70 |       0 |   0.0 |       1 |       0 |   0.0
            +---------+---------+-------+---------+---------+-------
